 Dungeon Crawl Stone Soup version 0.19.0-24-gb05acd6 (webtiles) character file.

2469 Ladykiller69 the Cleaver (level 9, -3/65 HPs)
             Began as a Formicid Fighter on Nov 20, 2016.
             Slain by a phantom (7 damage)
             ... on level 7 of the Dungeon.
             The game lasted 00:10:44 (6319 turns).

Ladykiller69 the Cleaver (Formicid Fighter)         Turns: 6319, Time: 00:10:44

Health: -3/65      AC: 11    Str: 21    XL:     9   Next: 80%
Magic:  9/9        EV:  6    Int: 11    God:
Gold:   291        SH: 11    Dex: 10    Spells: 0 memorised, 8 levels left

rFire  . . .     SeeInvis +     a - +0 war axe
rCold  . . .     Gourm    .     G - +0 plate armour
rNeg   . . .     Faith    .     c - +0 shield
rPois  .         Spirit   .     (helmet unavailable)
rElec  .         Reflect  .     (no cloak)
rCorr  .         Harm     .     (no gloves)
MR     .....                    (no boots)
Stlth  ..........               (no amulet)
                                (no ring)
                                (no ring)

@: no status effects
A: permanent stasis, dig shafts and tunnels, four strong arms, antennae 3
a: Dig, Shaft Self


You were on level 7 of the Dungeon.
You were not hungry.

You visited 1 branch of the dungeon, and saw 7 of its levels.

You collected 291 gold pieces.

Inventory:

Hand Weapons
 a - a +0 war axe (weapon)
 K - a +0 whip of electrocution
Missiles
 i - 365 stones (quivered)
 n - 7 tomahawks
 D - 4 silver tomahawks
Armour
 b - a +0 scale mail
 c - a +0 shield (worn)
 g - a +0 chain mail
 G - a +0 plate armour (worn)
Jewellery
 t - an uncursed ring of protection from fire {unknown}
 C - an uncursed amulet of magic regeneration {unknown}
Wands
 p - a wand of random effects (15/48)
 H - a wand of flame (17/48)
 I - a wand of confusion (27/48)
Scrolls
 e - a scroll of random uselessness {unknown}
 h - a scroll of enchant weapon {unknown}
 j - 2 scrolls of magic mapping {unknown}
 k - 14 scrolls of identify {unknown}
 r - 5 scrolls of teleportation {unknown}
 u - 4 scrolls of remove curse {unknown}
 w - 2 scrolls of blinking {unknown}
 y - 3 scrolls of noise {unknown}
 A - a scroll of enchant armour {unknown}
 E - a scroll of amnesia {unknown}
Potions
 d - a potion of might
 m - a potion of curing {unknown}
 o - a potion of agility {unknown}
 s - a potion of ambrosia {unknown}
 x - a potion of brilliance {unknown}
 z - a potion of beneficial mutation {unknown}
 B - 2 potions of haste {unknown}
 F - 3 potions of flight {unknown}
Comestibles
 f - 4 bread rations
 l - a royal jelly
 q - 2 meat rations
 v - 6 fruits
 J - 2 chunks of flesh


   Skills:
 - Level 4.0 Fighting
 * Level 10.1 Axes
 - Level 4.0 Armour
 + Level 9.2 Shields


You had 8 spell levels left.
You didn't know any spells.

Dungeon Overview and Level Annotations

Branches:
Dungeon (7/15)
 Temple: D:4-7

Altars:
Elyvilon
Trog

Shops:
D:4 *:   D:6 [

Annotations:
D:7 dysrexia's ghost, novice FoFi


Innate Abilities, Weirdness & Mutations

You are under a permanent stasis effect.
You can dig through walls and to a lower floor.
Your four strong arms can wield two-handed weapons with a shield.
You have a pair of large antennae on your head. (SInv)


Message History

You closely miss the phantom. You block dysrexia's ghost's attack.
You block the phantom's attack.
Your plate armour prevents you from hitting dysrexia's ghost.
You closely miss the phantom. Dysrexia's ghost hits you! The phantom hits you.
The phantom blinks!
You hit dysrexia's ghost.
Dysrexia's ghost is lightly damaged.
Dysrexia's ghost hits you!
* * * LOW HITPOINT WARNING * * *
The phantom blinks!
There is an open door here.
Dysrexia's ghost hits you!
* * * LOW HITPOINT WARNING * * *
The phantom blinks!
The phantom blinks!
Dysrexia's ghost hits you.
* * * LOW HITPOINT WARNING * * *
You block the phantom's attack. The phantom hits you!
You die...

#.....##...# ## ..
#..........##..# .
#.......†....... .
########........ ..
##....##........ ...
#..........##### (..
#..........##... ...
#..........'.....
#....@.....#.... ####
#...WW.....##.. #...
#.p........##'#####...
#....<................
#.....................
#................)....
#................##...
#................##...
#..........##....##...


You could see a phantom, dysrexia's ghost and a neutral freed slave (wandering).

Vanquished Creatures
  Pikel (D:6)
  A slave (D:6)
  A sky beast (D:5)
  An ice beast (D:4)
  2 centaurs
  3 ogres
  A phantom (D:3)
  A big kobold (D:6)
  4 bullfrogs
  A scorpion (D:6)
  3 howler monkeys
  5 wights (D:6)
  A bullfrog zombie (D:7)
  3 crimson imps
  An orc priest (D:5)
  A hound (D:6)
  A bullfrog skeleton (D:6)
  5 worker ants
  8 gnolls
  12 adders
  A shadow imp (D:6)
  3 oozes
  3 worms
  A dart slug (D:2)
  5 leopard geckos
  12 orcs
  2 giant cockroaches
  11 goblins
  6 hobgoblins
  12 jackals
  2 quokkas
  A ball python (D:2)
  5 bats
  8 frilled lizards
  A jackal skeleton (D:4)
  15 kobolds
  A leopard gecko zombie (D:4)
  10 rats
155 creatures vanquished.

Notes
Turn   | Place    | Note
-------+----------+-------------------------------------------
     0 | D:1      | Ladykiller69 the Formicid Fighter began the quest for the Orb.
     0 | D:1      | Reached XP level 1. HP: 18/18 MP: 1/1
    38 | D:1      | Reached XP level 2. HP: 24/24 MP: 2/2
   344 | D:1      | Reached XP level 3. HP: 29/29 MP: 3/3
   948 | D:2      | Reached XP level 4. HP: 33/36 MP: 4/4
  1024 | D:2      | Reached skill level 3 in Axes
  1052 | D:2      | Found a faded altar of an unknown god.
  1082 | D:2      | Found a white marble altar of Elyvilon.
  1082 | D:2      | Found a bloodstained altar of Trog.
  1675 | D:3      | Reached XP level 5. HP: 37/42 MP: 5/5
  2481 | D:3      | Noticed a centaur
  2488 | D:3      | Killed a centaur
  2488 | D:3      | Reached skill level 4 in Axes
  2488 | D:3      | Reached skill level 5 in Shields
  2488 | D:3      | Reached XP level 6. HP: 44/48 MP: 6/6
  2505 | D:3      | Noticed a phantom
  2567 | D:3      | Killed a phantom
  2835 | D:3      | Reached skill level 5 in Axes
  2973 | D:4      | Found Xomilet's General Store.
  3087 | D:4      | Reached XP level 7. HP: 46/54 MP: 7/7
  3455 | D:4      | Reached skill level 6 in Axes
  3603 | D:4      | Found Icisuokhlyf's Book Emporium.
  4358 | D:4      | Reached XP level 8. HP: 60/60 MP: 8/8
  4424 | D:5      | Entered Level 5 of the Dungeon
  4489 | D:5      | Reached skill level 7 in Axes
  4921 | D:6      | Found Gafrez's Antique Armour Shop.
  5117 | D:6      | Reached skill level 8 in Axes
  5343 | D:6      | Reached XP level 9. HP: 63/65 MP: 9/9
  5522 | D:6      | Reached skill level 9 in Axes
  5753 | D:7      | Noticed dysrexia's ghost (novice FoFi)
  5932 | D:7      | Noticed Pikel
  6016 | D:6      | Killed Pikel
  6016 | D:6      | Reached skill level 10 in Axes
  6319 | D:7      | Slain by a phantom

Skill      XL: |  1  2  3  4  5  6  7  8  9 |
---------------+----------------------------+-----
Shields        | 4 5 6 7 9 |  9.2
Armour         | 4 |  4.0
Axes           | 3 4 5 6 8 10 | 10.1
Fighting       | 4 |  4.0

Action                   |  1- 3 |  4- 6 |  7- 9 || total
-------------------------+-------+-------+-------++-------
Melee: War axe           |    94 |   210 |   345 ||   649
 Abil: Dig               |       |     1 |     2 ||     3
  Eat: Chunk             |       |     8 |    11 ||    19
Armor: Scale mail        |    29 |       |       ||    29
       Chain mail        |    21 |   132 |    93 ||   246
       Plate armour      |       |       |    44 ||    44
Dodge: Dodged            |    24 |    67 |    91 ||   182
Block: Shield            |    53 |   132 |   199 ||   384
